 Dungeon Crawl Stone Soup version 0.29.0-11-gd7f09526c8 (webtiles) character file.

Game seed: 9896142226904057602

129 Ordine the Shield-Bearer (level 5, -3/33 HPs)
             Began as a Gargoyle Fighter on Sept 6, 2022.
             Killed by divine providence
             ... invoked by an orc priest
              (10 damage)
             ... on level 3 of the Dungeon.
             The game lasted 00:05:23 (2306 turns).

Ordine the Shield-Bearer (Gargoyle Fighter)         Turns: 2306, Time: 00:05:24

Health: -3/33      AC: 13    Str: 21    XL:     5   Next: 12%
Magic:  5/5        EV:  9    Int: 11    God:
Gold:   234        SH:  4    Dex:  9    Spells: 4/4 levels left

rFire   . . .      SeeInvis +   m - +11 demon trident of Wowalyin {pain, rN+ Int+2 SInv}
rCold   . . .      Faith    .   c - +0 buckler
rNeg    + + .      Spirit   .   b - +0 scale mail
rPois   ∞          Reflect  .   (no helmet)
rElec   +          Harm     .   g - +0 cloak
rCorr   .          Rampage  .   (no gloves)
Will    .....                   e - +0 pair of boots
Stlth   ..........              (no amulet)
HPRegen 0.11/turn               (no ring)
MPRegen 0.09/turn               (no ring)

@: no status effects
A: sickness immunity, AC +4, negative energy resistance 1, electricity
resistance, torment resistance 1, petrification resistance
a: no special abilities


You were on level 3 of the Dungeon.
You visited 1 branch of the dungeon, and saw 3 of its levels.

You collected 234 gold pieces.

Inventory:

Hand Weapons
 a - a +0 flail
 m - the +11 demon trident of Wowalyin (weapon) {pain, rN+ Int+2 SInv}
   (You acquired it on level 2 of the Dungeon)

   In the hands of one skilled in necromantic magic, it inflicts extra damage on
   living creatures.
   Int:       It affects your intelligence (+2).
   rN:        It protects you from negative energy.
   SInv:      It lets you see invisible.
Missiles
 j - 22 stones (quivered)
 l - 6 poisoned darts
Armour
 b - a +0 scale mail (worn)
 c - a +0 buckler (worn)
 e - a +0 pair of boots (worn)
 g - a +0 cloak (worn)
Scrolls
 f - 2 scrolls of teleportation
 h - a scroll of amnesia
 o - a scroll of identify
Potions
 d - a potion of might
 i - a potion of mutation
 k - a potion of curing
 n - a potion of berserk rage


   Skills:
 + Level 4.0 Fighting
 * Level 3.6 Maces & Flails
 + Level 1.5 Throwing
 - Level 3.2 Armour
 - Level 4.0 Shields


You had 4 spell levels left.
You didn't know any spells.
Your spell library contained the following spells:

 Spells                   Type           Power      Damage    Failure   Level
 Beastly Appendage        Tmut           0%         N/A       77%         1
 Wereblood                Tmut           0%         N/A       88%         2
 Spider Form              Tmut/Pois      0%         N/A       98%         3


Dungeon Overview and Level Annotations

Branches:
Dungeon (3/15)

Altars:


Innate Abilities, Weirdness & Mutations

You are immune to sickness and miasma.
Your stone body is resilient. (AC +4)
You are immune to poison.
You resist negative energy. (rN+)
You are resistant to electric shocks. (rElec)
You are resistant to unholy torment.
You are immune to petrification.


Message History

You kill the worm!
No target in view!
No target in view!
Found a stone staircase leading down.
You now have 234 gold pieces (gained 15).
An orc priest, 4 orcs and a giant cockroach come into view.
The orc shouts! x4
You reach to attack!
You puncture the giant cockroach!
You kill the giant cockroach!
You impale the orc!!
You kill the orc!
The orc hits you from afar with a +0 trident.
The orc attacks as you move away! The orc hits you but does no damage.
The orc attacks as you move away! The orc barely misses you.
You barely miss the orc. The orc hits you with a +0 hand axe.
You aren't carrying any items that you can evoke.
Reach: m) +11 demon trident of Wowalyin {pain, rN+ Int+2 SInv}
Press: ? - help, Dir - move target, f - orc priest
Aim: an orc priest, wielding a +0 whip (about 32% to evade the +11 demon trident of Wowalyin)
The orc is in the way.
You closely miss the orc.
The orc hits you from afar with a +0 trident.
The orc barely misses you. x2; The orc hits you but does no damage.
Reach: m) +11 demon trident of Wowalyin {pain, rN+ Int+2 SInv}
Press: ? - help, Dir - move target, f/p - orc priest
Aim: an orc priest, wielding a +0 whip (about 32% to evade the +11 demon trident of Wowalyin)
The orc is in the way.
You puncture the orc!
You kill the orc!
The orc hits you but does no damage.
The orc priest invokes the aid of Beogh against you.
Beogh smites you!
* * * LOW HITPOINT WARNING * * *
Unknown command.
Reach: m) +11 demon trident of Wowalyin {pain, rN+ Int+2 SInv}
Press: ? - help, Dir - move target, f/p - orc priest
Aim: an orc priest, wielding a +0 whip (about 32% to evade the +11 demon trident of Wowalyin)
You reach to attack!
You barely miss the orc priest. You block the orc's attack.
The orc priest calls down the wrath of Beogh upon you.
Beogh smites you!
You die...

#.#...#
#.....#######
#............
#.##..#######
##.....#
#..>#.##
#.....#
#...### ##@##
##)# #oo#
#.o# #..#
#..)†.....
##........
#......#.
######.#


You could see an orc priest and 2 orcs.

Vanquished Creatures
  4 gnolls
  3 adders
  2 worms
  A dart slug (D:3)
  2 orcs (D:3)
  4 bats
  7 endoplasms
  A giant cockroach (D:3)
  8 hobgoblins
  A jackal (D:1)
  3 kobolds (D:1)
  2 quokkas
  3 ball pythons
  A frilled lizard (D:2)
  4 goblins
  8 rats
54 creatures vanquished.

Vanquished Creatures (others)
  4 toadstools (D:1)
4 creatures vanquished.

Grand Total: 58 creatures vanquished

Notes
Turn   | Place    | Note
-------+----------+-------------------------------------------
     0 | D:1      | Ordine the Gargoyle Fighter began the quest for the Orb.
     0 | D:1      | Reached XP level 1. HP: 14/14 MP: 1/1
   111 | D:1      | Reached XP level 2. HP: 18/19 MP: 2/2
   523 | D:1      | Reached XP level 3. HP: 15/23 MP: 3/3
  1022 | D:2      | Reached skill level 1 in Throwing
  1519 | D:2      | Reached XP level 4. HP: 27/29 MP: 4/4
  2031 | D:2      | Identified a scroll of acquirement
  2139 | D:2      | Acquired the +11 demon trident of Wowalyin {pain, rN+ Int+2
                  | SInv}
  2258 | D:3      | Reached XP level 5. HP: 31/33 MP: 5/5
  2306 | D:3      | Killed from afar by an orc priest

Illustrated notes

Levels and vault maps discovered:
D:1:      dpeg_arrival_long_road, layout_loops_cross, minmay_gold_behind_fungi,
          minivault_23, hangedman_decor_points, minmay_unequal
D:2:      layout_basic
D:3:      layout_loops_ring, uniq_jessica

Skill      XL: |  1  2  3  4 |
---------------+-------------+-----
Throwing       | 1 |  1.5
Maces & Flails | 3 |  3.6
Shields        | 4 |  4.0
Fighting       | 4 |  4.0
Armour         | |  3.2

Action                   |  1- 3 |  4- 6 || total
-------------------------+-------+-------++-------
Melee: Flail             |   106 |    32 ||   138
       Demon trident     |       |    20 ||    20
Throw: Dart              |     3 |       ||     3
  Use: Scroll            |     3 |     4 ||     7
Armor: Scale mail        |    61 |    25 ||    86
Dodge: Dodged            |    47 |    30 ||    77
Block: Buckler           |    23 |    19 ||    42
